 Dungeon Crawl Stone Soup version 0.19-a0-583-g665d810 (webtiles) character file.

202 Loup the Conjurer (level 5, -3/28 HPs)
             Began as a Deep Elf Fire Elementalist on June 9, 2016.
             Killed from afar by Natasha (8 damage)
             ... with a magic dart
             ... on level 3 of the Dungeon.
             The game lasted 00:09:00 (2361 turns).

Loup the Conjurer (Deep Elf Fire Elementalist)      Turns: 2361, Time: 00:09:00

Health: -3/28      AC:  3    Str:  5    XL:     5   Next: 50%
Magic:  2/11       EV: 13    Int: 21    God:
Gold:   144        SH:  0    Dex: 15    Spells: 2 memorised, 6 levels left

rFire  . . .     SeeInvis .     j - +1 whip (venom)
rCold  . . .     Gourm    .     a - +0 robe
rNeg   . . .     Faith    .     (no shield)
rPois  .         Spirit   .     (no helmet)
rElec  .         Dismiss  .     (no cloak)
rCorr  .         Reflect  .     (no gloves)
SustAt .         Harm     .     f - +0 pair of boots
MR     .....                    (no amulet)
Stlth  ++........               (no ring)
                                (no ring)

@: slowed, very slow, not resistant to hostile enchantments, unstealthy
A: no striking features
a: no special abilities


You were on level 3 of the Dungeon.
You were not hungry.

You visited 1 branch of the dungeon, and saw 3 of its levels.

You collected 144 gold pieces.

Inventory:

Hand Weapons
 j - a +1 whip of venom (weapon)
Armour
 a - a +0 robe (worn)
 f - a +0 pair of boots (worn)
Scrolls
 d - a scroll of random uselessness {unknown}
 e - 3 scrolls of blinking {unknown}
 g - a scroll of remove curse {unknown}
 h - a scroll of recharging {unknown}
 l - a scroll of fog {unknown}
 o - 3 scrolls of identify {unknown}
 p - a scroll of teleportation {unknown}
Potions
 i - 2 potions of ambrosia {unknown}
 k - a potion of brilliance {unknown}
 m - 2 potions of curing {unknown}
Books
 b - a book of Flames

   Spells                             Type                      Level
   a - Flame Tongue                   Conjuration/Fire             1
   b - Throw Flame                    Conjuration/Fire             2
   c - Conjure Flame                  Conjuration/Fire             3
   d - Inner Flame                    Hexes/Fire                   3
   e - Sticky Flame                   Conjuration/Fire             4
   f - Fireball                       Conjuration/Fire             5
Comestibles
 c - 3 bread rations
 n - a royal jelly
 q - a beef jerky
 r - 3 chunks of flesh


   Skills:
 - Level 2.4 Dodging
 - Level 2.4 Stealth
 - Level 3.0 Spellcasting
 * Level 5.1 Conjurations
 + Level 4.6 Fire Magic


You had 6 spell levels left.
You knew the following spells:

 Your Spells              Type           Power        Failure   Level  Hunger
a - Flame Tongue          Conj/Fire      ###..        1%          1    None
b - Conjure Flame         Conj/Fire      ###.....     6%          3    ###....


Dungeon Overview and Level Annotations

Branches:
Dungeon (3/15)

Altars:

Annotations:
D:2 Sigmund
D:3 Natasha, Terence


Message History

Terence zaps a wand.
The puff of flame hits you!
It is a wand of flame.
Natasha wildly gestures.
Natasha glows brightly for a moment.
Natasha claws you.
You closely miss Natasha.
Natasha mumbles some strange words.
You closely miss Natasha. Natasha claws you.
The crimson imp blinks!
Natasha howls an incantation.
You feel disoriented. Natasha barely misses you. Natasha casts a spell at you.
You feel yourself slow down. Natasha misses you. Natasha barely misses you.
Terence shouts, "Now you die!" Natasha claws you.
* * * LOW HITPOINT WARNING * * *
Natasha stares at you and mumbles some strange words.
The magic dart hits you!
You die...

#.# ##.# #.####### ....
#.#.....# ##
###.#####.#.....#### ..
...................
###.###.................
............#..##...####
#.........#..##...###.
#.>..@.h5.....'.....'. #.
#......#.....##....##.
#.##...#..#.....##....##.
......#..#..@..##....##.
.................†....#.
###............#####....
####......######## ###.#
#................ #...
+................ #...


You could see Natasha and a crimson imp.

Vanquished Creatures
  Jessica (D:2)
  Ijyb (D:3)
  Natasha (twice) (D:3)
  4 gnolls (D:3)
  An adder (D:3)
  2 worms (D:2)
  2 dart slugs
  6 bats
  2 giant cockroaches
  5 goblins
  2 hobgoblins (D:1)
  5 jackals
  A quokka (D:3)
  A ball python (D:1)
  3 giant newts (D:1)
  4 kobolds
  5 rats
47 creatures vanquished.

Notes
Turn   | Place    | Note
--------------------------------------------------------------
     0 | D:1      | Loup the Deep Elf Fire Elementalist began the quest for the Orb.
     0 | D:1      | Reached XP level 1. HP: 10/10 MP: 6/6
   243 | D:1      | Reached skill level 2 in Conjurations
   272 | D:1      | Reached XP level 2. HP: 15/15 MP: 6/8
  1032 | D:2      | Reached XP level 3. HP: 19/19 MP: 2/9
  1211 | D:2      | Reached skill level 3 in Conjurations
  1305 | D:2      | Noticed Jessica
  1307 | D:2      | Killed Jessica
  1450 | D:2      | Noticed Sigmund
  1470 | D:2      | Learned a level 3 spell: Conjure Flame
  1717 | D:2      | Reached XP level 4. HP: 24/24 MP: 5/10
  1987 | D:3      | Noticed Ijyb
  2000 | D:3      | Killed Ijyb
  2000 | D:3      | Reached skill level 4 in Conjurations
  2105 | D:3      | Noticed Natasha
  2109 | D:3      | Killed Natasha
  2129 | D:3      | Reached XP level 5. HP: 27/28 MP: 1/11
  2274 | D:3      | Noticed Natasha
  2279 | D:3      | Killed Natasha
  2279 | D:3      | Reached skill level 5 in Conjurations
  2334 | D:3      | Noticed Terence
  2349 | D:3      | Noticed Natasha
  2361 | D:3      | Killed from afar by Natasha

Vault maps used:
D:1:      dpeg_arrival_another_circle
D:2:      uniq_sigmund, uniq_jessica
D:3:      tgw_sif, demons_altar, ecumenical_altar_1, uniq_iyjb, uniq_natasha,
          uniq_terence

Skill      XL: |  1  2  3  4  5 |
---------------+----------------+-----
Conjurations   | 2 3 4 5 |  5.1
Fire Magic     | 4 |  4.6
Dodging        | |  2.4
Stealth        | |  2.4
Spellcasting   | |  3.0

Action                   |  1- 3 |  4- 6 || total
-------------------------+-------+-------++-------
Melee: Unarmed           |    16 |       ||    16
       Whip              |     7 |     4 ||    11
 Cast: Flame Tongue      |    73 |    49 ||   122
       Conjure Flame     |       |     2 ||     2
  Eat: Chunk             |     1 |     3 ||     4
Armor: Robe              |    24 |    12 ||    36
Dodge: Dodged            |    49 |    22 ||    71
